 Dungeon Crawl Stone Soup version 0.23.2-1-ga50397a (webtiles) character file.

Game seed: 4648002596582715796

82156 wilfster70 the Thaumaturge (level 15, -5/115 HPs)
             Began as a Gnoll Wizard on May 16, 2019.
             Was a High Priest of Ashenzari.
             Slain by an orc knight
             ... wielding a +2 halberd
              (19 damage)
             ... while paralysed by an orc sorcerer
             ... on level 2 of the Orcish Mines on May 17, 2019.
             The game lasted 01:55:42 (31395 turns).

wilfster70 the Thaumaturge (Gnoll Wizard)          Turns: 31395, Time: 01:55:43

Health: -5/115     AC: 13    Str: 10    XL:     15   Next: 72%
Magic:  0/31       EV:  2    Int: 26    God:    Ashenzari [*****.]
Gold:   1868       SH:  0    Dex: 14    Spells: 19/38 levels left

rFire    + + .     SeeInvis +   a - +4 dagger
rCold    + + .     Gourm    .   N - +0 shield (curse)
rNeg     . . .     Faith    .   T - +2 robe {rC+ rF+} (curse)
rPois    .         Spirit   +   S - +2 helmet {SInv}
rElec    .         Reflect  .   r - scarf {rC+ rF+} (curse)
rCorr    .         Harm     .   G - +0 pair of gloves
MR       ++...     Clarity  +   C - +2 pair of boots (curse)
Stlth    +++++.....             f - amulet of guardian spirit
HPRegen  0.29/turn              k - +6 ring of evasion (curse)
MPRegen  0.22/turn              v - ring of protection from magic

@: paralysed, drained
A: distributed training, fangs 1, strong nose
a: Curse Item, Scrying, Renounce Religion


You were on level 2 of the Orcish Mines.
You worshipped Ashenzari.
Ashenzari was extremely pleased with you.
You were hungry.

You visited 4 branches of the dungeon, and saw 21 of its levels.
You also visited: Ossuary and Volcano.

You collected 2133 gold pieces.
You spent 265 gold pieces at shops.

Inventory:

Hand Weapons
 a - a +4 dagger (weapon)
 b - the +8 scimitar "Baakarphyi" {slice, rElec rC+}
   (You bought it in a shop on level 4 of the Dungeon)

   It inflicts extra damage upon your enemies.
   It protects you from cold.
   It insulates you from electricity.
Missiles
 e - 437 stones (quivered)
 p - 188 sling bullets
Armour
 r - a cursed scarf of resistance (worn)
 C - a cursed +2 pair of boots (worn)
 G - a +0 pair of gloves (worn)
 N - a cursed +0 shield (worn)
 S - a +2 helmet of see invisible (worn)
 T - a cursed +2 robe of resistance (worn)
Magical Staves
 w - an uncursed staff of energy
Jewellery
 f - an amulet of guardian spirit (around neck)
 k - a cursed +6 ring of evasion (left hand)
 s - a +3 ring of protection
 v - a ring of protection from magic (right hand)
 E - a +4 ring of intelligence
 R - an uncursed ring of resist corrosion
Wands
 D - a wand of clouds (10)
 J - a wand of flame (19)
 L - a wand of scattershot (12)
 M - a wand of polymorph (22)
 O - a wand of enslavement (8)
Scrolls
 c - 3 scrolls of fog
 i - 2 scrolls of immolation
 u - 2 scrolls of magic mapping
 x - 4 scrolls of teleportation
 y - 6 scrolls of blinking
 V - a scroll of remove curse
 W - 4 scrolls of identify
Potions
 g - 5 potions of flight
 h - 12 potions of curing
 j - 4 potions of brilliance
 l - 2 potions of agility
 m - 2 potions of mutation
 n - 2 potions of heal wounds
 t - 5 potions of haste
 A - 4 potions of invisibility
 B - 2 potions of berserk rage
 H - 4 potions of might
 K - 4 potions of ambrosia
 P - 3 potions of lignification
 Q - 2 potions of cancellation
Comestibles
 d - 32 rations


   Skills:
 + Level 10.1(9.4) Fighting
 + Level 10.1(9.4) Short Blades
 + Level 10.1(9.4) Long Blades
 + Level 10.1(9.4) Axes
 + Level 10.1(9.4) Maces & Flails
 + Level 10.1(9.4) Polearms
 + Level 10.1(9.4) Staves
 + Level 10.1(9.4) Slings
 + Level 10.1(9.4) Bows
 + Level 10.1(9.4) Crossbows
 + Level 10.1(9.4) Throwing
 + Level 10.1(9.4) Armour
 + Level 11.0(12.6) Dodging
 + Level 10.9(12.5) Stealth
 + Level 10.1(11.8) Shields
 + Level 10.1(9.4) Unarmed Combat
 + Level 12.1(11.3) Spellcasting
 + Level 8.8(8.1) Conjurations
 + Level 8.5(7.8) Hexes
 + Level 8.5(7.8) Charms
 + Level 8.8(8.1) Summonings
 + Level 8.5(7.8) Necromancy
 + Level 8.8(8.1) Translocations
 + Level 8.5(7.8) Transmutations
 + Level 8.5(7.8) Fire Magic
 + Level 8.5(7.8) Ice Magic
 + Level 8.5(7.8) Air Magic
 + Level 8.5(7.8) Earth Magic
 + Level 8.5(7.8) Poison Magic
 + Level 10.9(10.2) Invocations
 + Level 10.1(9.4) Evocations


You had 19 spell levels left.
You knew the following spells:

 Your Spells              Type           Power        Failure   Level  Hunger
b - Ensorcelled Hibernat  Hex/Ice        ######       1%          2    None
c - Conjure Flame         Conj/Fire      ######..     1%          3    None
d - Mephitic Cloud        Conj/Pois/Air  ######..     1%          3    None
e - Call Imp              Summ           ######..     1%          2    None
f - Confusing Touch       Hex            ######       1%          1    None
g - Blink                 Tloc           N/A          1%          2    None
h - Poisonous Vapours     Pois/Air       ######       1%          2    None
i - Passage of Golubria   Tloc           N/A          1%          4    None

Your spell library contained the following spells:

 Spells                   Type           Power        Failure   Level  Hunger
 Animate Skeleton         Necr           N/A          1%          1    None
 Apportation              Tloc           ######       1%          1    None
 Corona                   Hex            ######.      1%          1    None
 Flame Tongue             Conj/Fire      #####        1%          1    None
 Magic Dart               Conj           ####         1%          1    None
 Pain                     Necr           ####         1%          1    None
 Summon Small Mammal      Summ           ####         1%          1    None
 Corpse Rot               Necr           N/A          1%          2    None
 Passwall                 Tmut/Erth      ######..     1%          2    None
 Slow                     Hex            ######..     1%          2    None
 Swiftness                Chrm/Air       ######..     1%          2    None
 Throw Flame              Conj/Fire      ######       1%          2    None
 Confuse                  Hex            ######..     1%          3    None
 Dazzling Spray           Conj/Hex       ######       1%          3    None
 Gell's Gravitas          Tloc           ######....   1%          3    None
 Inner Flame              Hex/Fire       ######..     1%          3    None
 Tukima's Dance           Hex            ######..     1%          3    None
 Vampiric Draining        Necr           ######....   1%          3    None
 Petrify                  Tmut/Erth      ######..     2%          4    None
 Sticky Flame             Conj/Fire      ######..     2%          4    None
 Fireball                 Conj/Fire      ######....   6%          5    ###....
 Lightning Bolt           Conj/Air       ######....   6%          5    ###....
 Dispel Undead            Necr           ######..     7%          5    ###....
 Lee's Rapid Deconstruct  Erth           ######....   7%          5    ###....
 Metabolic Englaciation   Hex/Ice        ######....   7%          5    ###....
 Yara's Violent Unravell  Hex/Tmut       ######....   7%          5    ###....
 Freezing Cloud           Conj/Ice/Air   ######....   34%         6    #####..
 Darkness                 Hex            ######....   36%         6    #####..
 Invisibility             Hex            ######..     36%         6    #####..
 Ring of Flames           Chrm/Fire      ######....   90%         7    ######.


Dungeon Overview and Level Annotations

Branches:
Dungeon (12/15)            Temple (1/1) D:6            Lair (6/6) D:11
 Shoals (0/4) Lair:2        Snake (0/4) Lair:2        Slime (0/5) Lair:5
    Orc (2/2) D:11            Elf (0/3) Orc:2

Altars:
Ashenzari
Cheibriados
Dithmenos
Elyvilon
Gozag
Hepliaklqana
Makhleb
Nemelex Xobeh
Okawaru
Qazlal
Ru
Sif Muna
Trog
Uskayaw
Vehumet
Wu Jian
Xom
Zin
The Shining One
Jiyva
Lugonu

Shops:
D:4 (?:   Orc:2 =[

Annotations:
D:9 exclusion: door


Innate Abilities, Weirdness & Mutations

Your experience applies equally to all skills.
You have very sharp teeth.
Your uncanny sense of smell can sniff out nearby items.


Message History

Press: ? - help, Shift-Dir - straight line, f/p - orc knight
Aim: an orc knight, wielding a +2 halberd and wearing a +0 plate armour (moderately wounded, unusually strong, chance to defeat MR: 55%)
The orc knight resists with some effort.
You are feeling hungry.
The orc sorcerer casts a spell at you. The bolt of negative energy hits you!!
You feel drained. The orc knight misses you.
The orc knight hits you with a +2 halberd!!!
Casting: Ensorcelled Hibernation (safe; 1% risk of failure)
Confirm with . or Enter, or press ? or * to list all spells.
Aiming: Ensorcelled Hibernation (safe; 1% risk of failure)
Press: ? - help, Shift-Dir - straight line, f/p - orc knight
Aim: an orc knight, wielding a +2 halberd and wearing a +0 plate armour (moderately wounded, unusually strong, chance to defeat MR: 55%)
The orc knight looks drowsy...
The orc sorcerer gestures at you while chanting.
You suddenly lose the ability to move!
The orc knight hits you with a +1 dire flail of holy wrath!!!
* * * LOW HITPOINT WARNING * * *
The orc knight hits you with a +2 halberd!!
You die...

..................##...........##
.................[.##...........#
..........#####.[[..##.....##...#
............#####[...#......##.##
.........####..###...##)...## ..#
......####..÷.÷.##)..####.## .##
......#*∩.÷...÷.#...## ###
.....## ...÷.o÷.....# ^....#∩
....○...@..## .....# ..÷....oo.##
.....## ..........#
......#*∩.......###
......####.....## .........######
..........# .......#.##
.##.....##


You could see 2 orc knights and an orc sorcerer.

Vanquished Creatures
  An orc warlord (D:11)
  A dire elephant (Lair:3)
  Josephine (D:10)
  4 hydras
  Erolcha (D:10)
  5 two-headed ogres
  3 death yaks
  3 orc high priests (Orc:2)
  Nergalle (Lair:3)
  A fire crab (Lair:6)
  An unseen horror (D:11)
  Pikel (D:6)
  5 orc knights
  3 oklob plants (Lair:6)
  A lindwurm (Lair:1)
  4 ugly things
  6 orc sorcerers
  A salamander (Volcano)
  3 cyclopes
  A manticore (D:11)
  Maurice (D:8)
  31 elephants
  4 merfolk sirens (Lair:2)
  8 black mambas
  Joseph (D:8)
  5 spiny frogs
  5 rime drakes
  11 komodo dragons
  2 trolls
  2 hornets
  18 polar bears
  Grinder (D:3)
  16 blink frogs
  A dream sheep (Lair:6)
  2 raiju (Lair:6)
  3 hippogriffs
  5 wraiths
  A spriggan (shapeshifter) (D:11)
  A spriggan (Lair:3)
  A shadow (D:11)
  2 wyverns
  A vampire (D:9)
  40 yaks
  2 hungry ghosts
  3 basilisks
  A naga (Lair:2)
  8 wargs
  A soldier ant (D:9)
  Duvessa (D:6)
  14 water moccasins
  13 hell hounds (Lair:6)
  10 porcupines
  26 orc warriors
  2 sky beasts
  3 ice beasts
  A slave (D:6)
  9 ogres
  19 black bears
  4 necrophages
  3 phantoms
  28 wolves
  14 crocodiles
  5 centaurs
  A gnoll sergeant (D:7)
  A big kobold (D:9)
  13 bullfrogs
  4 water moccasin zombies (Ossuary)
  3 scorpions
  5 killer bees (D:12)
  10 wights
  A howler monkey (D:12)
  4 crimson imps
  3 bullfrog zombies
  3 jellies
  3 bullfrog skeletons
  4 hounds
  3 centaur skeletons
  11 orc priests
  5 iguanas
  30 orc wizards
  12 worker ants
  Terence (D:2)
  A mummy (Ossuary)
  A hound skeleton (D:9)
  A worker ant zombie (D:9)
  9 gnolls
  12 adders
  A howler monkey skeleton (D:7)
  2 river rats (D:5)
  2 shadow imps
  2 oozes (D:2)
  4 adder zombies
  2 adder skeletons
  2 worms
  A dart slug (D:2)
  9 leopard geckos
  72 orcs
  7 bats
  A giant cockroach (D:4)
  5 goblins
  8 hobgoblins
  8 jackals
  10 quokkas
  3 ball pythons
  4 frilled lizards
  2 hobgoblin zombies (Ossuary)
  A jackal skeleton (D:5)
  8 kobolds
  5 kobold zombies (Ossuary)
  A leopard gecko skeleton (D:7)
  2 orc zombies (Ossuary)
  A quokka skeleton (D:7)
  A quokka zombie (D:5)
  13 rats
  A plant (Lair:6)
695 creatures vanquished.

Vanquished Creatures (collateral kills)
  Erica (D:8)
  A hippogriff (D:7)
  Sigmund (D:2)
  A black bear (Lair:2)
  A phantom (D:5)
  A crocodile (Lair:2)
  2 water moccasin zombies (Ossuary)
  A wight (D:9)
  A big kobold zombie (Ossuary)
  A mummy (Ossuary)
  An adder (D:3)
  An ooze (D:3)
  An orc (D:3)
  2 gnoll zombies (Ossuary)
  A ball python (D:3)
  A hobgoblin zombie (Ossuary)
  4 kobold zombies (Ossuary)
  3 orc zombies (Ossuary)
25 creatures vanquished.

Vanquished Creatures (others)
  A slave (D:6)
  An ogre (D:6)
  Dowan (D:6)
  A howler monkey (D:6)
  A crimson imp (D:6)
  2 orc priests (Orc:2)
  A worker ant (D:6)
  2 orcs (Orc:2)
  79 fungi
  54 plants
  4 toadstools (Lair:1)
147 creatures vanquished.

Grand Total: 867 creatures vanquished

Notes
Turn   | Place    | Note
-------+----------+-------------------------------------------
     0 | D:1      | wilfster70 the Gnoll Wizard began the quest for the Orb.
     0 | D:1      | Reached XP level 1. HP: 13/13 MP: 8/8
   151 | D:1      | Reached XP level 2. HP: 19/19 MP: 10/10
   801 | D:2      | Reached XP level 3. HP: 25/25 MP: 11/11
   805 | D:2      | Learned a level 2 spell: Blink
   810 | D:2      | Learned a level 2 spell: Call Imp
   822 | D:2      | Learned a level 3 spell: Conjure Flame
   826 | D:2      | Learned a level 3 spell: Mephitic Cloud
   940 | D:2      | Reached skill level 1 in Invocations
   970 | D:2      | Found a stormy altar of Qazlal.
  1003 | D:2      | Reached skill level 1 in Fighting
  1003 | D:2      | Reached skill level 1 in Short Blades
  1003 | D:2      | Reached skill level 1 in Long Blades
  1003 | D:2      | Reached skill level 1 in Axes
  1003 | D:2      | Reached skill level 1 in Maces & Flails
  1003 | D:2      | Reached skill level 1 in Polearms
  1003 | D:2      | Reached skill level 1 in Staves
  1003 | D:2      | Reached skill level 1 in Slings
  1003 | D:2      | Reached skill level 1 in Bows
  1003 | D:2      | Reached skill level 1 in Crossbows
  1003 | D:2      | Reached skill level 1 in Throwing
  1003 | D:2      | Reached skill level 1 in Armour
  1003 | D:2      | Reached skill level 1 in Shields
  1003 | D:2      | Reached skill level 1 in Unarmed Combat
  1003 | D:2      | Reached skill level 1 in Evocations
  1003 | D:2      | Reached XP level 4. HP: 29/32 MP: 4/13
  1122 | D:2      | Noticed Sigmund
  1140 | D:2      | Killed Sigmund
  1140 | D:2      | Reached skill level 1 in Hexes
  1140 | D:2      | Reached skill level 1 in Charms
  1140 | D:2      | Reached skill level 1 in Necromancy
  1140 | D:2      | Reached skill level 1 in Transmutations
  1140 | D:2      | Reached skill level 1 in Fire Magic
  1140 | D:2      | Reached skill level 1 in Ice Magic
  1140 | D:2      | Reached skill level 1 in Air Magic
  1140 | D:2      | Reached skill level 1 in Earth Magic
  1140 | D:2      | Reached skill level 1 in Poison Magic
  1140 | D:2      | Reached XP level 5. HP: 31/37 MP: 8/14
  1239 | D:2      | Noticed Terence
  1260 | D:2      | Killed Terence
  1805 | D:3      | Noticed Grinder
  2067 | D:3      | Paralysed by Grinder for 6 turns
  2087 | D:3      | Killed Grinder
  2087 | D:3      | Reached skill level 5 in Dodging
  2087 | D:3      | Reached XP level 6. HP: 31/44 MP: 10/16
  2186 | D:3      | Learned a level 2 spell: Ensorcelled Hibernation
  2196 | D:3      | Found a sparkling altar of Nemelex Xobeh.
  2262 | D:3      | Found a sparkling altar of Nemelex Xobeh.
  3176 | D:4      | Reached XP level 7. HP: 48/50 MP: 6/18
  3279 | D:4      | Found Xageiq's Magic Scroll Shoppe.
  3282 | D:4      | Bought a scroll of noise for 13 gold pieces
  3307 | D:4      | Found Ittalicw's Book Shop.
  3675 | D:4      | Found a bloodstained altar of Trog.
  3675 | D:4      | Found an iron altar of Okawaru.
  3825 | D:4      | Got a ripped robe
  3828 | D:4      | Identified the +2 robe of the Assorted Yaks {+Fly rC+
                  | Str+4} (You found it on level 4 of the Dungeon)
  3843 | D:4      | Found Pinubub's Antique Weapon Shop.
  4124 | D:5      | Entered Level 5 of the Dungeon
  4198 | D:5      | Reached skill level 5 in Stealth
  4357 | D:5      | Found a sand-covered staircase.
  4381 | Ossuary  | Entered an ossuary
  4555 | Ossuary  | Reached XP level 8. HP: 56/57 MP: 11/19
  5323 | D:5      | Reached skill level 8 in Spellcasting
  5421 | D:6      | Noticed Pikel
  5425 | D:6      | Noticed Duvessa
  5429 | D:6      | Noticed Dowan
  5437 | D:6      | Killed Pikel
  5437 | D:6      | Reached XP level 9. HP: 57/65 MP: 13/21
  5449 | D:6      | Killed Dowan
  5451 | D:6      | Killed Duvessa
  5609 | D:6      | Learned a level 1 spell: Confusing Touch
  5641 | D:6      | Found a staircase to the Ecumenical Temple.
  5648 | Temple   | Entered the Ecumenical Temple
  5703 | Temple   | Became a worshipper of Ashenzari the Shackled
  6013 | D:4      | Bought a twisted scimitar for 252 gold pieces
  6013 | D:4      | Identified the +8 scimitar "Baakarphyi" {slice, rElec rC+}
                  | (You bought it in a shop on level 4 of the Dungeon)
  6503 | D:7      | Found a hide-covered altar of Uskayaw.
  6892 | D:7      | Reached skill level 5 in Invocations
  6932 | D:7      | Reached * piety under Ashenzari
  7663 | D:8      | Noticed Maurice
  7682 | D:8      | Killed Maurice
  7682 | D:8      | Reached XP level 10. HP: 68/73 MP: 17/22
  8010 | D:8      | Found a radiant altar of Vehumet.
  8010 | D:8      | Found an ornate altar of the Wu Jian Council.
  8011 | D:8      | Found a white marble altar of Elyvilon.
  8064 | D:8      | Found a glowing silver altar of Zin.
  8153 | D:8      | Reached skill level 5 in Fighting
  8153 | D:8      | Reached skill level 5 in Short Blades
  8153 | D:8      | Reached skill level 5 in Long Blades
  8153 | D:8      | Reached skill level 5 in Axes
  8153 | D:8      | Reached skill level 5 in Maces & Flails
  8153 | D:8      | Reached skill level 5 in Polearms
  8153 | D:8      | Reached skill level 5 in Staves
  8153 | D:8      | Reached skill level 5 in Slings
  8153 | D:8      | Reached skill level 5 in Bows
  8153 | D:8      | Reached skill level 5 in Crossbows
  8153 | D:8      | Reached skill level 5 in Throwing
  8153 | D:8      | Reached skill level 5 in Armour
  8153 | D:8      | Reached skill level 5 in Shields
  8153 | D:8      | Reached skill level 5 in Unarmed Combat
  8153 | D:8      | Reached skill level 5 in Evocations
  8212 | D:8      | Noticed Erica
  8220 | D:8      | Killed Erica
  8261 | D:8      | Found a shadowy altar of Dithmenos.
  8351 | D:8      | Reached skill level 9 in Spellcasting
  8639 | D:8      | Noticed Joseph
  8652 | D:8      | Killed Joseph
  8652 | D:8      | Reached skill level 5 in Conjurations
  8652 | D:8      | Reached skill level 5 in Summonings
  8652 | D:8      | Reached skill level 5 in Translocations
  8780 | D:9      | Found a shimmering altar of Xom.
  8968 | D:9      | Found a shadowy altar of Dithmenos.
  9447 | D:9      | Noticed a two-headed ogre
  9494 | D:9      | Noticed a purple ugly thing
  9635 | D:9      | Killed a two-headed ogre
  9635 | D:9      | Reached XP level 11. HP: 61/81 MP: 21/24
  9797 | D:9      | Reached ** piety under Ashenzari
 10102 | D:10     | Entered Level 10 of the Dungeon
 10532 | D:10     | Reached skill level 5 in Hexes
 10532 | D:10     | Reached skill level 5 in Charms
 10532 | D:10     | Reached skill level 5 in Necromancy
 10532 | D:10     | Reached skill level 5 in Transmutations
 10532 | D:10     | Reached skill level 5 in Fire Magic
 10532 | D:10     | Reached skill level 5 in Ice Magic
 10532 | D:10     | Reached skill level 5 in Air Magic
 10532 | D:10     | Reached skill level 5 in Earth Magic
 10532 | D:10     | Reached skill level 5 in Poison Magic
 10553 | D:10     | Noticed Josephine
 10759 | D:10     | Noticed a two-headed ogre
 10775 | D:10     | Killed a two-headed ogre
 10800 | D:10     | Noticed Erolcha
 10810 | D:10     | Killed Erolcha
 10966 | D:10     | Killed Josephine
 11671 | D:11     | Noticed a cyclops
 11675 | D:11     | Noticed a two-headed ogre
 11694 | D:11     | Killed a two-headed ogre
 11930 | D:11     | Killed a cyclops
 11930 | D:11     | Reached XP level 12. HP: 64/89 MP: 22/25
 12272 | D:11     | Noticed a death yak
 13043 | D:11     | Noticed a death yak
 13043 | D:11     | Noticed a death yak
 13193 | D:10     | HP: 2/89 [death yak (20)]
 13198 | D:10     | HP: 3/89 [death yak (15)]
 13201 | D:10     | Killed a death yak
 13201 | D:10     | Reached skill level 10 in Spellcasting
 13501 | D:10     | Killed a death yak
 13818 | D:11     | Found a staircase to the Lair.
 13868 | Lair:1   | Entered Level 1 of the Lair of Beasts
 13958 | Lair:1   | Found a dark tunnel.
 13964 | Volcano  | Entered a volcano
 14106 | Lair:1   | Noticed a four-headed hydra
 14121 | Lair:1   | Killed a four-headed hydra
 14305 | Lair:1   | Noticed a dire elephant
 14888 | Lair:2   | Found a staircase to the Shoals.
 15404 | Lair:2   | Reached *** piety under Ashenzari
 15726 | Lair:2   | Reached XP level 13. HP: 98/98 MP: 24/27
 15931 | Lair:2   | Found a staircase to the Snake Pit.
 17608 | Lair:3   | Noticed Nergalle
 17620 | Lair:3   | Killed Nergalle
 17954 | Lair:3   | Got the uncursed robe of Hedonism {*Corrode +Blink Regen+
                  | Str+3}
 18416 | Lair:3   | Noticed a dire elephant
 18499 | Lair:3   | Killed a dire elephant
 18943 | Lair:3   | Reached skill level 11 in Spellcasting
 19789 | Lair:4   | Reached XP level 14. HP: 69/106 MP: 4/29
 20886 | Lair:4   | Reached skill level 10 in Dodging
 22080 | Lair:5   | Found a staircase to the Slime Pits.
 22080 | Lair:5   | Found a viscous altar of Jiyva.
 22151 | Lair:4   | Reached skill level 10 in Stealth
 22415 | Lair:5   | Reached **** piety under Ashenzari
 22743 | Lair:6   | Entered Level 6 of the Lair of Beasts
 22783 | Lair:6   | Reached skill level 10 in Invocations
 22868 | Lair:6   | Identified a scroll of acquirement
 24002 | Lair:6   | Identified the +1 robe of Hedonism {*Corrode +Blink Regen+
                  | Str+3} (You found it on level 3 of the Lair of Beasts)
 24147 | Lair:1   | Found a runed translucent door.
 24896 | Lair:1   | Learned a level 2 spell: Poisonous Vapours
 25565 | Lair:6   | Reached XP level 15. HP: 65/114 MP: 20/30
 25581 | Lair:6   | Learned a level 4 spell: Passage of Golubria
 25993 | Lair:6   | Got the cursed spear of Uhejyr {pierce, rF+ rC+ Str-3
                  | Stlth+}
 26951 | D:11     | Found a staircase to the Orcish Mines.
 27162 | D:11     | Identified the Grimoire of Lightness and Necromancy
 27604 | D:12     | Reached ***** piety under Ashenzari
 27840 | D:12     | Paralysed by a hornet for 2 turns
 28452 | Orc:1    | Entered Level 1 of the Orcish Mines
 28452 | Orc:1    | Noticed an orc warlord
 28500 | D:11     | Killed an orc warlord
 28741 | D:11     | Identified the cursed +1 spear of Uhejyr {pierce, rF+ rC+
                  | Str-3 Stlth+} (You found it on level 6 of the Lair of
                  | Beasts)
 29022 | Orc:2    | Entered Level 2 of the Orcish Mines
 29089 | Orc:2    | Reached skill level 12 in Spellcasting
 29606 | Orc:2    | Reached skill level 10 in Fighting
 29606 | Orc:2    | Reached skill level 10 in Short Blades
 29606 | Orc:2    | Reached skill level 10 in Long Blades
 29606 | Orc:2    | Reached skill level 10 in Axes
 29606 | Orc:2    | Reached skill level 10 in Maces & Flails
 29606 | Orc:2    | Reached skill level 10 in Polearms
 29606 | Orc:2    | Reached skill level 10 in Staves
 29606 | Orc:2    | Reached skill level 10 in Slings
 29606 | Orc:2    | Reached skill level 10 in Bows
 29606 | Orc:2    | Reached skill level 10 in Crossbows
 29606 | Orc:2    | Reached skill level 10 in Throwing
 29606 | Orc:2    | Reached skill level 10 in Armour
 29606 | Orc:2    | Reached skill level 10 in Shields
 29606 | Orc:2    | Reached skill level 10 in Unarmed Combat
 29606 | Orc:2    | Reached skill level 10 in Evocations
 30104 | Orc:2    | Found a staircase to the Elven Halls.
 31145 | Orc:2    | Paralysed by an orc sorcerer for 2 turns
 31374 | Orc:2    | Found Nuen Gyth's Jewellery Boutique.
 31374 | Orc:2    | Found Xifel's Armour Emporium.
 31394 | Orc:2    | Paralysed by an orc sorcerer for 3 turns
 31395 | Orc:2    | Slain by an orc knight

Skill      XL: |  1  2  3  4  5  6  7  8  9 10 11 12 13 14 15 |
---------------+----------------------------------------------+-----
Conjurations   | 2 3 4 5 6 7 8 |  8.8
Summonings     | 2 3 4 5 6 7 8 |  8.8
Translocations | 2 3 4 5 6 7 8 |  8.8
Invocations    | 1 2 3 4 5 6 7 8 9 10 | 10.9
Fighting       | 1 2 3 4 5 6 7 8 9 10 | 10.1
Short Blades   | 1 2 3 4 5 6 7 8 9 10 | 10.1
Long Blades    | 1 2 3 4 5 6 7 8 9 10 | 10.1
Axes           | 1 2 3 4 5 6 7 8 9 10 | 10.1
Maces & Flails | 1 2 3 4 5 6 7 8 9 10 | 10.1
Polearms       | 1 2 3 4 5 6 7 8 9 10 | 10.1
Staves         | 1 2 3 4 5 6 7 8 9 10 | 10.1
Slings         | 1 2 3 4 5 6 7 8 9 10 | 10.1
Bows           | 1 2 3 4 5 6 7 8 9 10 | 10.1
Crossbows      | 1 2 3 4 5 6 7 8 9 10 | 10.1
Throwing       | 1 2 3 4 5 6 7 8 9 10 | 10.1
Armour         | 1 2 3 4 5 6 7 8 9 10 | 10.1
Shields        | 1 2 3 4 5 6 7 8 9 10 | 10.1
Unarmed Combat | 1 2 3 4 5 6 7 8 9 10 | 10.1
Evocations     | 1 2 3 4 5 6 7 8 9 10 | 10.1
Hexes          | 1 2 3 4 5 6 7 8 |  8.5
Charms         | 1 2 3 4 5 6 7 8 |  8.5
Necromancy     | 1 2 3 4 5 6 7 8 |  8.5
Transmutations | 1 2 3 4 5 6 7 8 |  8.5
Fire Magic     | 1 2 3 4 5 6 7 8 |  8.5
Ice Magic      | 1 2 3 4 5 6 7 8 |  8.5
Air Magic      | 1 2 3 4 5 6 7 8 |  8.5
Earth Magic    | 1 2 3 4 5 6 7 8 |  8.5
Poison Magic   | 1 2 3 4 5 6 7 8 |  8.5
Dodging        | 5 6 7 8 9 10 11 | 11.0
Stealth        | 5 6 7 8 9 10 | 10.9
Spellcasting   | 8 9 10 11 12 | 12.1

Action                   |  1- 3 |  4- 6 |  7- 9 | 10-12 | 13-15 || total
-------------------------+-------+-------+-------+-------+-------++-------
Melee: Dagger            |    35 |   110 |   504 |   385 |   716 ||  1750
       Unarmed           |     3 |       |       |       |       ||     3
       Bite              |       |    12 |    59 |    67 |   121 ||   259
       Punch             |       |     1 |     9 |    14 |     3 ||    27
       Scimitar          |       |       |    19 |   101 |   349 ||   469
       Short sword       |       |       |       |     7 |       ||     7
Throw: Stone             |       |       |       |       |     1 ||     1
 Cast: Magic Dart        |    27 |    11 |     1 |    43 |    13 ||    95
       Conjure Flame     |     1 |       |       |     4 |       ||     5
       Call Imp          |       |    14 |    34 |    12 |     4 ||    64
       Ensorcelled Hiber |       |     8 |    57 |   125 |   465 ||   655
       Confusing Touch   |       |       |     3 |    21 |    51 ||    75
       Blink             |       |       |       |     3 |     4 ||     7
       Mephitic Cloud    |       |       |       |     4 |     5 ||     9
       Poisonous Vapours |       |       |       |       |     1 ||     1
Invok: Curse Item        |       |       |     1 |     1 |     3 ||     5
 Abil: Evoke Flight      |       |       |       |     1 |       ||     1
  Use: Scroll            |       |       |    16 |     7 |    13 ||    36
       Potion            |       |       |       |     5 |       ||     5
 Stab: Sleeping          |     8 |    16 |    37 |    87 |   278 ||   426
       Distracted        |       |     1 |     4 |       |     3 ||     8
       Confused          |       |       |     1 |    15 |    40 ||    56
  Eat: Chunk             |       |     7 |    12 |    25 |    39 ||    83
       Ration            |       |       |     1 |     2 |     3 ||     6
Armor: Robe              |     4 |     7 |    92 |   127 |   155 ||   385
Dodge: Dodged            |    35 |    97 |   519 |   436 |  1077 ||  2164
Block: Shield            |       |       |       |       |   722 ||   722
       Rpst.: Scimitar   |       |       |     7 |    33 |    53 ||    93
